 Dungeon Crawl Stone Soup version 0.17-a0-2055-gb4e23be (webtiles) character file.

544 Ijustatesigmund the Sneak (level 7, -2/41 HPs)
             Began as an Octopode Conjurer on Oct 11, 2015.
             Slain by a scorpion (7 damage)
             ... on level 4 of the Dungeon.
             The game lasted 00:12:27 (4072 turns).

Ijustatesigmund the Sneak (Octopode Conjurer)       Turns: 4072, Time: 00:12:27

Health: -2/41      AC:  1    Str:  8    XL:     7   Next: 27%
Magic:  2/10       EV: 12    Int: 19    God:
Gold:   177        SH:  0    Dex: 12    Spells: 3 memorised, 4 levels left

rFire  . . .     SeeInvis .     m - +1 dagger "Xiaruami" {pierce, rElec rPois Stlth+} (curse)
rCold  . . .     Clarity  .     (no shield)
rNeg   + . .     SustAt   .     (helmet restricted)
rPois  +         Gourm    .     (no amulet)
rElec  +         Spirit   .     k - ring of positive energy
rCorr  .         Warding  .     (no ring)
rMut   .         Stasis   .     (no ring)
MR     .....                    (no ring)
Stlth  ++++++....               (no ring)
                                (no ring)
                                (no ring)
                                (no ring)

@: lethally poisoned (-2 -> -2), not resistant to hostile enchantments, very
stealthy
A: almost no armour, amphibious, 8 rings, constrict 8, camouflage 1, gelatinous
body 1
a: no special abilities


You were on level 4 of the Dungeon.
You were not hungry.

You visited 1 branch of the dungeon, and saw 4 of its levels.

You collected 177 gold pieces.

Inventory:

Hand Weapons
 c - a +0 hunting sling
 h - a +1 short sword of venom
 m - the cursed +1 dagger "Xiaruami" (weapon) {pierce, rElec rPois Stlth+}
   (You found it on level 4 of the Dungeon)

   It inflicts extra damage upon your enemies.
   It insulates you from electricity.
   It protects you from poison.
   It makes you more stealthy.
   It has a curse placed upon it.
Missiles
 i - 87 stones (quivered)
Jewellery
 k - a ring of positive energy (left tentacle)
Wands
 l - a wand of heal wounds (5)
Scrolls
 f - 3 scrolls of identify
Potions
 g - a potion of mutation
Books
 a - a book of Conjurations

   Spells                             Type                      Level
   a - Magic Dart                     Conjuration                  1
   b - Searing Ray                    Conjuration                  2
   c - Dazzling Spray                 Conjuration/Hexes            3
   d - Fulminant Prism                Conjuration/Hexes            4
   e - Iskenderun's Mystic Blast      Conjuration                  4
   f - Iskenderun's Battlesphere      Conjuration/Charms           5
Comestibles
 b - 3 bread rations


   Skills:
 - Level 3.3 Short Blades
 - Level 2.0 Dodging
 + Level 6.8 Stealth
 - Level 2.0 Spellcasting
 + Level 5.7 Conjurations
 + Level 2.2 Hexes


You had 4 spell levels left.
You knew the following spells:

 Your Spells              Type           Power        Failure   Level  Hunger
a - Magic Dart            Conj           ###.         1%          1    #......
b - Searing Ray           Conj           ###...       2%          2    ###....
c - Dazzling Spray        Conj/Hex       ###.....     12%         3    ###....


Dungeon Overview and Level Annotations

Branches:
Dungeon (4/15)
 Temple: D:4-7

Altars:
Gozag
Xom
The Shining One


Innate Abilities, Weirdness & Mutations

You cannot wear most types of armour.
You are amphibious.
You can wear up to eight rings at the same time.
You can use your tentacles to constrict eight enemies at once.
Your skin changes colour to match your surroundings (Stealth).
Your rubbery body absorbs attacks (AC +1).


Message History

Your surroundings suddenly seem different.
A scorpion comes into view.
You feel sick. The adder bites you.
You hit the scorpion but do no damage. You grab the scorpion.
You constrict the scorpion. The adder misses you. The scorpion stings you.
You hit the scorpion but do no damage.
The scorpion is lightly wounded.
You constrict the scorpion, but do no damage.
The adder barely misses you. The scorpion stings you.
* * * LOW HITPOINT WARNING * * *
You hit the scorpion but do no damage. You squeeze the scorpion!
The scorpion is moderately wounded.
You constrict the scorpion. You barely miss the scorpion.
The scorpion is heavily wounded.
You constrict the scorpion.
You feel sick. The adder bites you.
* * * LOW HITPOINT WARNING * * *
The scorpion stings you!
You die...

#.........#.##SS.†##..........#
#
.........####ss####..##########
# #.##.######...# #..###### #
#.#### #..## #....>..# # #.#
..S...#####.####.# # #.# ....
#...###.# #.# # ### ... #...#.#
#.# # ... #S###.# #.# ###
#@S##.# #.# #.# ##s##.# #.# #.#
###.# #.#
..##################.# #.#
.....................# #.#
######.############.## #.# #
#.# #...#.#####.# # #.#
#.#.........# ######.#
#..[######.##


You could see a scorpion and 2 adders.

Vanquished Creatures
  2 ogres (D:4)
  4 scorpions (D:4)
  An iguana (D:4)
  Robin (D:3)
  5 adders
  3 oozes
  A worm (D:4)
  An adder skeleton (D:4)
  2 giant geckos (D:1)
  5 orcs
  17 goblins
  13 hobgoblins
  6 jackals
  A quokka (D:3)
  9 bats
  A giant cockroach (D:3)
  A giant gecko skeleton (D:4)
  6 giant newts
  3 kobolds (D:1)
  5 rats
87 creatures vanquished.

Vanquished Creatures (others)
  16 fungi (D:4)
16 creatures vanquished.

Grand Total: 103 creatures vanquished

Notes
Turn   | Place    | Note
--------------------------------------------------------------
     0 | D:1      | Ijustatesigmund the Octopode Conjurer began the quest for the Orb.
     0 | D:1      | Reached XP level 1. HP: 11/11 MP: 3/3
    90 | D:1      | Reached XP level 2. HP: 13/17 MP: 5/5
    94 | D:1      | Learned a level 2 spell: Searing Ray
   116 | D:1      | Reached skill level 1 in Short Blades
   800 | D:1      | Reached XP level 3. HP: 18/21 MP: 6/6
   805 | D:1      | Learned a level 3 spell: Dazzling Spray
  1769 | D:2      | Reached XP level 4. HP: 24/27 MP: 7/7
  2317 | D:3      | Noticed Robin
  2494 | D:3      | Killed Robin
  2742 | D:3      | Reached XP level 5. HP: 31/31 MP: 8/8
  2873 | D:4      | Found a shimmering altar of Xom.
  2881 | D:4      | Noticed an ogre
  2887 | D:4      | Killed an ogre
  2887 | D:4      | Reached skill level 5 in Stealth
  3067 | D:4      | Found an opulent altar of Gozag.
  3128 | D:4      | Reached skill level 5 in Conjurations
  3128 | D:4      | Reached XP level 6. HP: 36/36 MP: 9/9
  3433 | D:4      | Got a dazzling dagger
  3434 | D:4      | Identified the cursed +1 dagger "Xiaruami" {pierce, rElec rPois Stlth+} (You found it on level 4 of the Dungeon)
  3490 | D:4      | Found a glowing golden altar of the Shining One.
  3666 | D:4      | Noticed an ogre
  3671 | D:4      | Killed an ogre
  3671 | D:4      | Reached skill level 1 in Hexes
  3852 | D:4      | Reached skill level 6 in Stealth
  4046 | D:4      | Reached XP level 7. HP: 41/41 MP: 10/10
  4072 | D:4      | Slain by a scorpion

Vault maps used:
D:1:      dpeg_arrival_snail, hex_medium
D:3:      first_bread, uniq_robin
D:4:      old_forge, nicolae_gozag_cash_rules_everything_around_me,
          xom_teletrap_fun, tso_metal_star

Action                   |  1- 3 |  4- 6 |  7- 9 || total
-------------------------+-------+-------+-------++-------
Melee: Short sword       |    58 |    61 |       ||   119
       Dagger            |       |     7 |    14 ||    21
Throw: Stone             |       |     1 |       ||     1
 Cast: Magic Dart        |    16 |    28 |       ||    44
       Searing Ray       |       |     6 |     2 ||     8
  Use: Scroll            |     5 |     8 |     1 ||    14
       Potion            |       |     1 |       ||     1
 Stab: Sleeping          |     6 |     9 |       ||    15
       Distracted        |     1 |       |       ||     1
       Invisible         |       |     2 |       ||     2
  Eat: Chunk             |     2 |     5 |       ||     7
       Beef jerky        |       |     2 |       ||     2
       Bread ration      |       |     1 |       ||     1
